 Dungeon Crawl Stone Soup version 0.28-a0-793-g31680bbd8b (webtiles) character file.

Game seed: 10368314564626644168

1857 sanka the Cleaver (level 8, 0/61 (68) HPs)
             Began as a Palentonga Abyssal Knight on Nov 4, 2021.
             Was a Priest of Lugonu.
             Slain by a wight (7 damage)
             ... on level 6 of the Dungeon.
             The game lasted 00:09:51 (8632 turns).

sanka the Cleaver (Palentonga Abyssal Knight)       Turns: 8632, Time: 00:09:51

HP:   0/61 (68)     AC: 13    Str: 23    XL:     8   Next: 89%
MP:   14/14         EV:  9    Int: 11    God:    Lugonu [***...]
Gold: 128           SH:  0    Dex: 12    Spells: 7/7 levels left

rFire   . . .      SeeInvis +   a - +0 war axe
rCold   . . .      Faith    .   (no shield)
rNeg    . . .      Spirit   .   b - +0 leather armour
rPois   .          Reflect  .   d - +2 hat
rElec   .          Harm     .   (no cloak)
rCorr   .          Rampage  .   (no gloves)
Will    .....                   (no barding)
Stlth   +.........              (no amulet)
HPRegen 0.20/turn               f - +6 ring of strength
MPRegen 0.14/turn               (no ring)

@: heavily drained, curled up
A: large, rugged brown scales 3, see invisible, deformed body, roll 1, armoured
tail, reflexive curl
a: Rolling Charge, Renounce Religion, Depart the Abyss, Bend Space, Banish


You were on level 6 of the Dungeon.
You worshipped Lugonu.
Lugonu was most pleased with you.
You visited 1 branch of the dungeon, and saw 6 of its levels.
You visited the Abyss 1 time.

You collected 164 gold pieces.
You spent 36 gold pieces at shops.


Innate Abilities, Weirdness & Mutations

You are completely covered in rugged brown scales. (AC +3, +7% HP)
You have supernaturally acute eyesight. (SInv)
Armour fits poorly on your strangely shaped body.
You can roll at nearby foes to attack.
You have a long armoured tail.
You curl defensively after being hit. (AC +7*)


   Skills:
 + Level 5.7 Fighting
 - Level 8.0 Axes
 - Level 1.5 Armour
 - Level 0.7 Dodging
 - Level 8.0 Invocations


You had 7 spell levels left.
You didn't know any spells.
Your spell library contained the following spells:

 Spells                   Type           Power      Damage    Failure   Level
 Call Canine Familiar     Summ           0%         N/A       77%         3
 Dazzling Flash           Conj/Hex       0%         N/A       77%         3
 Portal Projectile        Hex/Tloc       0%         N/A       77%         3
 Leda's Liquefaction      Hex/Erth       0%         N/A       99%         4
 Agony                    Necr           0%         N/A       100%        5
 Silence                  Hex/Air        0%         N/A       100%        5

Inventory:

Hand Weapons
 a - a +0 war axe (weapon)
 j - a +0 morningstar
 u - a +1 dagger of venom
Missiles
 h - 5 javelins
 p - 2 throwing nets {=f}
Armour
 b - a +0 leather armour (worn)
 d - a +2 hat (worn)
Jewellery
 f - a +6 ring of strength (left hand)
Scrolls
 c - 2 scrolls of magic mapping
 e - a scroll of holy word
 g - a scroll of amnesia
 i - a scroll of torment {!r}
 m - 2 scrolls of immolation {unknown}
 o - a scroll of enchant armour
 q - 2 scrolls of fog {unknown}
 r - a scroll of blinking
 w - a scroll of fear {unknown}
Potions
 k - a potion of heal wounds {unknown}
 l - a potion of curing {@q1}
 n - 3 potions of attraction {unknown}
 s - a potion of berserk rage {unknown}
 t - a potion of degeneration {unknown}
 v - 2 potions of cancellation {unknown}

Dungeon Overview and Level Annotations

Branches:
Dungeon (6/15)             Temple (0/1) D:6

Altars:

Shops:
D:1 * D:6

(( .▒▒..▒ ..... .....
▒.▒.▒ .▒▒▒▒ ▒.▒.▒ ▒▒
▒▒.▒.▒ ▒▒▒▒▒▒▒▒▒.▒
▒▒▒....▒▒ [..>......▒
...)...▒ .▒▒▒▒▒▒▒▒▒▒
▒.z...▒ ...▒ ▒. ▒z▒..▒
...▒▒▒▒▒▒▒▒.▒▒ ▒H▒..▒.▒.
..............▒▒.z......
...▒.▒▒▒▒▒▒▒▒.........▒▒
...▒.▒ ▒..▒▒▒......
▒▒▒▒.▒ ▒.......▒▒▒▒ ▒.▒
▒▒.▒▒▒▒.▒ ▒.▒ ▒.▒ .▒ ▒.▒
▒.▒ .▒ ..▒▒.▒ ▒.▒


You could see 3 wights.


Message History

The wight hits you with a +2 halberd!
You feel drained.
You slash the wight!
The wight is severely damaged.
The wight misses you.
You hit the wight.
The wight is almost destroyed.
The wight hits you with a +2 halberd!
You closely miss the wight.
Your tail-slap misses the wight.
The wight is almost destroyed.
The wight hits you with a +2 halberd.
You barely miss the wight.
The wight is almost destroyed.
You barely miss the wight. The wight closely misses you.
The wight hits you with a +4 short sword.
You barely miss the wight.
The wight is almost destroyed.
You hit the wight. The wight hits you with a +2 halberd!
* * * LOW HITPOINT WARNING * * *
The wight hits you with a +4 short sword!
* * * LOW HITPOINT WARNING * * *
You feel drained.
* * * LOW HITPOINT WARNING * * *
The wight hits you with a +2 halberd!
* * * LOW HITPOINT WARNING * * *
You feel drained.
You die...

Action                   |  1- 3 |  4- 6 |  7- 9 || total
-------------------------+-------+-------+-------++-------
Melee: Hand axe          |    78 |       |       ||    78
       Tailslap          |     6 |    13 |    18 ||    37
       War axe           |    22 |   112 |   159 ||   293
Invok: Depart the Abyss  |     1 |       |       ||     1
 Abil: Rolling Charge    |     1 |    10 |     6 ||    17
  Use: Scroll            |       |     2 |     4 ||     6
       Potion            |       |       |     1 ||     1
Armor: Leather armour    |    44 |    41 |    60 ||   145
Dodge: Dodged            |    55 |    52 |    81 ||   188

Levels and vault maps discovered:
D:1:      sevenhm_arrival_forest_fort_small_6, layout_basic,
          ebering_ecumenical_altar_box, serial_shops, shop
D:2:      layout_loops_corners, corexii_item_surrounded_by_moat,
          kennysheep_big_empty_room
D:3:      layout_rooms
D:4:      layout_basic, uniq_natasha
D:5:      minmay_general_purpose_star, layout_basic
D:6:      layout_loops_ring, minmay_temple_entry_gardened_gates, serial_shops,
          nicolae_shop_crystal, nicolae_stop_n_shop_2, nicolae_diamond_shop,
          uniq_blork_the_orc

Notes
Turn   | Place    | Note
-------+----------+-------------------------------------------
     0 | Abyss:1  | sanka the Palentonga Abyssal Knight began the quest for the
                  | Orb.
     0 | Abyss:1  | Reached XP level 1. HP: 19/19 MP: 2/2
    42 | Abyss:1  | Noticed a small abomination
    51 | D:1      | Escaped the Abyss
   287 | D:1      | Reached XP level 2. HP: 25/25 MP: 3/3
   307 | D:1      | Reached * piety under Lugonu
   315 | D:1      | Reached skill level 3 in Axes
   768 | D:1      | Found a faded altar of an unknown god.
  1034 | D:1      | Reached XP level 3. HP: 31/31 MP: 4/4
  1064 | D:1      | Found Nucohimn's General Store.
  1438 | D:2      | Reached skill level 4 in Axes
  2067 | D:2      | Reached XP level 4. HP: 37/37 MP: 5/5
  2547 | D:3      | Reached ** piety under Lugonu
  2801 | D:3      | Reached skill level 5 in Axes
  3068 | D:3      | Reached XP level 5. HP: 35/43 MP: 6/6
  3248 | D:3      | Noticed an ogre
  3254 | D:3      | Killed an ogre
  3255 | D:3      | Reached skill level 6 in Axes
  3432 | D:3      | Reached XP level 6. HP: 50/50 MP: 7/7
  3825 | D:4      | Reached skill level 7 in Axes
  3912 | D:4      | Noticed Natasha
  3918 | D:4      | Killed Natasha
  4080 | D:4      | Noticed Natasha
  4086 | D:4      | Killed Natasha
  4354 | D:4      | Noticed Natasha
  4355 | D:4      | Killed Natasha
  4356 | D:4      | Gained mutation: You curl defensively after being hit. (AC
                  | +7*) [Palentonga growth]
  4356 | D:4      | Reached XP level 7. HP: 55/55 MP: 8/8
  4396 | D:4      | Reached skill level 8 in Axes
  4540 | D:4      | Reached skill level 3 in Invocations
  4859 | D:5      | Entered Level 5 of the Dungeon
  4868 | D:4      | Reached *** piety under Lugonu
  4971 | D:1      | Bought a potion of curing for 36 gold pieces
  5257 | D:5      | Reached skill level 4 in Invocations
  5619 | D:5      | Reached skill level 5 in Invocations
  5983 | D:5      | Reached XP level 8. HP: 50/62 MP: 12/12
  6209 | D:5      | Reached skill level 6 in Invocations
  6475 | D:5      | Reached skill level 7 in Invocations
  7314 | D:5      | Reached skill level 8 in Invocations
  7384 | D:5      | Reached skill level 4 in Fighting
  7552 | D:6      | Noticed Blork the orc
  7566 | D:6      | Killed Blork the orc
  7778 | D:6      | Found Zuanwiy's Antique Weapon Shop.
  8187 | D:6      | Found Moosiuts's Weapon Boutique.
  8225 | D:6      | Found a staircase to the Ecumenical Temple.
  8237 | D:6      | Reached skill level 5 in Fighting
  8632 | D:6      | Slain by a wight

Vanquished Creatures
  2 water moccasins (D:5)
  A sky beast (D:5)
  An ice beast (D:5)
  4 ogres
  A centaur (D:5)
  A kobold brigand (D:6)
  Blork the orc (D:6)
  4 scorpions
  A wight (D:6)
  A howler monkey (D:5)
  2 hounds
  A bullfrog skeleton (D:5)
  2 orc priests
  A gnoll shaman (D:4)
  3 iguanas
  2 orc wizards
  Natasha (thrice) (D:4)
  A hound skeleton (D:4)
  5 gnolls
  4 adders
  A shadow imp (D:5)
  A white imp (D:5)
  An ufetubus (D:5)
  3 worms
  A dart slug (D:2)
  12 orcs
  5 endoplasms
  2 giant cockroaches
  9 goblins
  6 hobgoblins
  4 jackals (D:4)
  12 kobolds
  4 quokkas
  7 ball pythons
  7 bats
  3 frilled lizards
  4 rats
123 creatures vanquished.

Vanquished Creatures (others)
  2 plants (D:6)
2 creatures vanquished.

Grand Total: 125 creatures vanquished
